Map: Oxide LE

Players

EXTREMEGAME

  • Race: Protoss Protoss
  • League: Bronze
  • Spawn Location: 7:00

ViBE - Winner!

  • Race: Protoss Protoss
  • League: Bronze
  • Spawn Location: 1:00

VOD

Have the link to the VOD?

Description

Time

  • Played on: April 6, 2021, 1:18 a.m.
  • Length: 13:19
Show
View Real Time Build Order
Export as new Build Order

EXTREMEGAME Protoss 

Build Orders: Oracle Opening 

Get SALT Encoding   

  12  0:01  Probe  
  13  0:17  Pylon  
  13  0:19  Probe  
  14  0:31  Probe  
  15  0:39  Gateway  
  15  0:43  Probe  
  16  0:52  Gateway  
  16  0:55  Probe (Chrono Boost)  
  17  1:07  Probe (Chrono Boost)  
  18  1:12  Assimilator, Probe (Chrono Boost)  
  19  1:22  Probe  
  20  1:31  Cybernetics Core  
  20  1:32  Pylon  
  20  1:34  Probe  
  20  1:39  Assimilator  
  21  1:46  Probe  
  22  1:58  Probe  
  23  2:09  Warp Gate (Chrono Boost)  
  23  2:12  Adept x2  
  27  2:26  Nexus  
  27  2:37  Pylon  
  27  3:00  Stargate  
  27  3:03  Probe  
  27  3:04  Robotics Facility  
  28  3:15  Probe  
  25  3:50  Oracle  
  25  3:51  Probe  
  25  3:53  Probe  
  25  3:55  Observer (Chrono Boost)  
  31  3:59  Sentry  
  33  4:04  Gateway  
  33  4:05  Probe x2 (Chrono Boost)  
  33  4:08  Gateway  
  37  4:17  Probe x2 (Chrono Boost)  
  37  4:22  Immortal  
  43  4:24  Probe x2 (Chrono Boost)  
  43  4:26  Shield Battery  
  43  4:29  Probe  
  43  4:31  Probe  
  45  4:43  Oracle  
  45  4:44  Probe  
  49  4:51  Assimilator, Probe  
  50  4:53  Assimilator  
  50  5:04  Stalker x2  
  50  5:06  Observer  
  54  5:10  Pylon  
  54  5:13  Pylon  
  54  5:16  Pylon  
  54  5:18  Pylon  
  54  5:25  Pylon  
  54  5:28  Probe x2  
  56  5:32  Void Ray  
  55  5:36  Observer  
  60  5:50  Probe  
  60  5:53  Probe  
  60  5:56  Observer  
  62  6:00  Stalker x3  
  62  6:02  Probe  
  69  6:05  Probe  
  70  6:16  Void Ray  
  74  7:28  Void Ray  
  74  7:36  Probe x2  
  80  7:48  Nexus, Probe  
  81  7:54  Stargate x2  
  81  7:56  Stargate  
  81  8:01  Gateway  
  81  8:04  Twilight Council  
  81  8:05  Void Ray  
  81  8:07  Gateway, Probe x2  
  87  8:17  Pylon  
  87  8:19  Pylon  
  87  8:34  Nexus  
  87  8:43  Void Ray x2, Probe x2 (Chrono Boost)  
  87  8:44  Void Ray x2  
  89  8:53  Probe x2 (Chrono Boost)  
  107  8:58  Probe x2 (Chrono Boost)  
  109  9:09  Probe x2  
  111  9:21  Probe x2  
  113  9:27  Gateway  
  113  9:30  Assimilator, Gateway  
  113  9:32  Assimilator, Probe  
  113  9:33  Gateway, Probe x2  
  113  9:36  Pylon  
  116  9:39  Pylon  
  116  9:41  Assimilator  
  116  9:44  Probe  
  116  9:45  Probe x2  
  118  9:46  Pylon  
  118  9:48  Pylon  
  118  9:50  Protoss Air Weapons Level 1 (Chrono Boost)  
  118  9:51  Pylon  
  119  9:53  Pylon  
  119  9:56  Probe  
  120  10:06  Shield Battery  
  120  10:08  Shield Battery  
  120  10:09  Probe (Chrono Boost)  
  120  10:10  Probe x2 (Chrono Boost)  
  120  10:11  Probe (Chrono Boost)  
  124  10:21  Probe (Chrono Boost)  
  125  10:22  Void Ray (Chrono Boost), Probe (Chrono Boost)  
  125  10:23  Void Ray x3 (Chrono Boost)  
  125  10:28  Probe x2 (Chrono Boost)  
  128  10:30  Probe x2 (Chrono Boost)  
  128  10:34  Fleet Beacon  
  146  10:39  Forge  
  146  10:41  Forge  
  83  11:16  Stalker x4  
  66  11:21  Void Ray (Chrono Boost)  
  66  11:22  Void Ray (Chrono Boost)  
  59  11:32  Void Ray (Chrono Boost)  
  66  11:51  Stalker  
  66  11:52  Probe x2  
  53  12:04  Probe  
  50  12:15  Void Ray x2 (Chrono Boost)  
  50  12:17  Assimilator  
  50  12:25  Void Ray (Chrono Boost)  
  62  12:30  Probe  
  62  12:31  Pylon  
  63  12:44  Nexus  
  63  12:47  Probe x2  
  63  12:59  Probe x2  
Show
View Real Time Build Order
Export as new Build Order

ViBE Protoss - Winner!

Build Orders: 1 Gate Expand, Archon Immortal 

Get SALT Encoding   

  12  0:00  Probe  
  13  0:12  Probe  
  14  0:18  Pylon  
  14  0:24  Probe  
  15  0:36  Probe (Chrono Boost)  
  15  0:37  Gateway  
  16  0:45  Assimilator  
  16  0:48  Probe (Chrono Boost)  
  17  0:53  Probe (Chrono Boost)  
  18  1:03  Probe  
  19  1:23  Probe  
  20  1:29  Nexus  
  20  1:33  Cybernetics Core  
  20  1:36  Probe  
  21  1:44  Assimilator  
  21  1:50  Probe  
  21  1:52  Pylon  
  22  2:02  Probe  
  22  2:07  Stalker (Chrono Boost)  
  23  2:10  Probe  
  23  2:14  Warp Gate  
  26  2:18  Probe  
  26  2:19  Pylon  
  27  2:29  Probe  
  27  2:30  Sentry  
  30  2:41  Shield Battery  
  30  2:42  Probe x2  
  32  2:54  Probe x2  
  32  2:57  Stalker  
  36  3:06  Probe  
  36  3:07  Probe  
  36  3:09  Robotics Facility  
  36  3:10  Gateway  
  38  3:19  Probe  
  40  3:20  Probe  
  40  3:27  Shield Battery  
  39  3:35  Probe x2 (Chrono Boost)  
  38  3:46  Probe (Chrono Boost)  
  38  3:47  Probe (Chrono Boost)  
  38  3:51  Probe x2 (Chrono Boost)  
  40  4:01  Probe  
  40  4:02  Observer, Probe  
  43  4:05  Stalker x2  
  47  4:13  Probe  
  47  4:14  Probe  
  49  4:20  Pylon  
  49  4:24  Pylon  
  49  4:26  Probe x2  
  49  4:29  Stalker  
  53  4:35  Nexus  
  53  4:36  Pylon  
  53  4:38  Probe x2  
  53  4:44  Stalker  
  57  4:52  Probe x2  
  59  4:55  Assimilator x2  
  59  5:04  Pylon, Probe  
  59  5:05  Probe  
  61  5:07  Immortal  
  61  5:08  Pylon  
  65  5:15  Pylon, Stalker x2  
  65  5:17  Probe  
  65  5:18  Probe  
  71  5:29  Probe  
  71  5:30  Probe  
  71  5:34  Twilight Council  
  71  5:35  Forge  
  73  5:38  Forge  
  73  5:41  Probe  
  73  5:42  Probe  
  75  5:45  Stalker  
  77  5:50  Stalker  
  77  5:53  Probe  
  80  6:02  Charge, Immortal  
  84  6:05  Protoss Ground Weapons Level 1 (Chrono Boost), Protoss Ground Armor Level 1 (Chrono Boost)  
  84  6:17  Templar Archives, Probe x2  
  86  6:18  Probe  
  86  6:21  Stalker x2  
  91  6:27  Gateway  
  91  6:28  Gateway  
  91  6:35  Gateway  
  91  6:37  Gateway  
  91  6:43  Probe  
  91  6:44  Probe x2  
  94  6:50  Immortal  
  94  6:51  Zealot x2  
  102  7:02  Nexus  
  102  7:04  Pylon  
  102  7:12  High Templar x2  
  102  7:14  Probe x3  
  108  7:20  Assimilator  
  108  7:22  Assimilator, Pylon  
  108  7:25  Pylon  
  108  7:26  Pylon  
  108  7:32  Immortal  
  112  7:38  Pylon  
  112  7:40  Pylon, Probe x3  
  115  7:44  Pylon  
  115  7:46  High Templar, Zealot x2  
  115  7:47  High Templar  
  115  7:49  Zealot  
  125  7:52  Zealot, Probe x3  
  125  7:53  Archon  
  131  8:05  Probe x2  
  131  8:06  Probe  
  131  8:12  Protoss Ground Weapons Level 2 (Chrono Boost), Protoss Ground Armor Level 2 (Chrono Boost)  
  133  8:14  Probe  
  133  8:17  Probe x2  
  133  8:18  Probe  
  137  8:21  Zealot x6  
  137  8:26  Probe  
  150  8:29  Immortal  
  150  8:30  Probe  
  150  8:31  Probe x2  
  157  8:38  Probe  
  158  8:43  Gateway, Probe x3  
  158  8:44  Gateway  
  161  8:49  Gateway  
  161  8:50  Stalker  
  161  8:51  Stalker  
  161  8:52  Gateway  
  161  8:54  High Templar x2  
  169  8:58  Archon  
  169  9:01  Assimilator  
  169  9:03  Assimilator  
  169  9:07  Pylon  
  169  9:14  High Templar x2  
  169  9:15  High Templar  
  169  9:16  High Templar  
  177  9:20  Archon x2  
  177  9:28  Probe x3  
  180  9:45  Gateway  
  180  9:47  Zealot x4  
  180  9:48  Gateway  
  180  9:51  Gateway  
  188  9:53  Gateway  
  188  9:56  Pylon  
  188  10:02  Photon Cannon  
  188  10:04  Photon Cannon  
  188  10:06  Nexus, Photon Cannon  
  188  10:08  Pylon, Photon Cannon  
  188  10:11  Pylon  
  188  10:14  Pylon  
  188  10:21  Robotics Facility  
  188  10:23  Gateway  
  188  10:25  Gateway  
  188  10:26  Gateway  
  188  10:31  Gateway  
  188  10:32  Archon  
  188  10:33  Protoss Ground Armor Level 3 (Chrono Boost)  
  188  10:34  Gateway  
  186  10:43  Protoss Ground Weapons Level 3 (Chrono Boost)  
  186  10:49  Zealot x7  
  200  10:55  Photon Cannon  
  200  10:56  Photon Cannon  
  186  10:58  Shield Battery x2, High Templar  
  186  10:59  High Templar x6  
  186  11:03  Immortal (Chrono Boost)  
  196  11:05  Shield Battery  
  196  11:07  Photon Cannon  
  196  11:09  Photon Cannon  
  190  11:12  Photon Cannon  
  190  11:13  Shield Battery  
  190  11:15  Photon Cannon  
  190  11:17  Shield Battery  
  168  11:26  Immortal (Chrono Boost)  
  168  11:27  High Templar  
  168  11:28  High Templar x5  
  184  11:37  Zealot x6, Immortal (Chrono Boost)  
  192  11:40  Archon x6  
  192  11:42  High Templar  
  192  11:44  Zealot x2  
  192  11:45  Assimilator, Zealot  
  192  11:46  Assimilator, Archon  
  192  11:48  Zealot  
  192  11:51  Zealot  
  192  11:52  Zealot  
  186  11:58  Immortal  
  182  12:02  Immortal  
  180  12:09  Zealot x3  
  180  12:10  Zealot x2  
  180  12:12  High Templar x2  
  180  12:13  Zealot  
  192  12:16  High Templar  
  192  12:17  High Templar  
  192  12:21  Archon x2  
  196  12:23  Zealot  
  196  12:24  Zealot  
  196  13:03  Zealot x2  
Tags
 
Add a new tag
Caveats
  • Supply blocks, unpowered buildings, or Contaminate may cause inaccurate times.
  • Supply counts are checked every 10 seconds.